 Dungeon Crawl Stone Soup version 0.24.0-13-gcf9b319 (webtiles) character file.

Game seed: 4554723742734213635, levelgen mode: deterministic

786 2bobheroes the Twirler (level 7, 0/60 HPs)
             Began as a Red Draconian Gladiator on Jan 30, 2020.
             Was a Follower of Okawaru.
             Slain by a hornet (8 damage)
             ... while paralysed by a hornet
             ... on level 6 of the Dungeon.
             The game lasted 00:12:31 (5391 turns).

2bobheroes the Twirler (Red Draconian Gladiator)    Turns: 5391, Time: 00:12:31

Health: 0/60       AC:  8    Str: 21    XL:     7   Next: 56%
Magic:  7/7        EV:  2    Int:  8    God:    Okawaru [*.....]
Gold:   339        SH:  0    Dex: 15    Spells: 5/6 levels left

rFire    + . .     SeeInvis .   a - +0 quarterstaff
rCold    . . .     Gourm    .   (shield currently unavailable)
rNeg     . . .     Faith    .   (armour unavailable)
rPois    .         Spirit   .   b - +0 hat
rElec    .         Reflect  .   (no cloak)
rCorr    .         Harm     .   (no gloves)
MR       .....                  h - +1 pair of boots
Stlth    ++........             (no amulet)
HPRegen  0.20/turn              (no ring)
MPRegen  0.10/turn              (no ring)

@: paralysed, mighty, lethally poisoned (0 -> -15), short of breath, slowed
A: breathe fire, unfitting armour, fire resistance 1, cold-blooded, AC +6
a: Breathe Fire, Heroism, Renounce Religion


You were on level 6 of the Dungeon.
You worshipped Okawaru.
Okawaru was aware of your devotion.
You were hungry.

You visited 2 branches of the dungeon, and saw 7 of its levels.

You collected 339 gold pieces.

Inventory:

Hand Weapons
 a - a +0 quarterstaff (weapon)
 p - a +0 mace
 x - a +0 dagger of venom
 B - a +0 shortbow
Missiles
 c - 2 throwing nets
 e - 14 poisoned darts (quivered)
 i - 167 stones
 j - 3 javelins
 k - 74 sling bullets
 C - 56 arrows
 F - 6 boomerangs
Armour
 b - a +0 hat (worn)
 h - a +1 pair of boots (worn)
 u - a +0 buckler
Jewellery
 f - an uncursed ring of poison resistance {unknown}
 w - an uncursed ring of magical power {unknown}
 G - an uncursed ring of magical power {unknown}
 H - an uncursed ring of protection from magic {unknown}
Scrolls
 g - 3 scrolls of magic mapping {unknown}
 l - 5 scrolls of identify {unknown}
 n - 2 scrolls of teleportation {unknown}
 o - 2 scrolls of random uselessness {unknown}
 s - a scroll of blinking {unknown}
 v - a scroll of enchant weapon {unknown}
 y - a scroll of remove curse {unknown}
 E - a scroll of silence {unknown}
 I - a scroll of amnesia {unknown}
Potions
 q - a potion of resistance {unknown}
 r - a potion of agility {unknown}
 t - 2 potions of invisibility {unknown}
 z - a potion of flight {unknown}
 A - 2 potions of curing {unknown}
 D - a potion of degeneration {unknown}
Comestibles
 d - 14 rations


   Skills:
 + Level 4.6 Fighting
 * Level 6.1 Staves
 - Level 1.7 Throwing
 + Level 4.3 Dodging
 + Level 3.5 Stealth


You had 5 spell levels left.
You knew the following spells:

 Your Spells              Type           Power        Failure   Level  Hunger
a - Summon Butterflies    Summ           #.......     41%         1    ##.....

Your spell library contained the following spells:

 Spells                   Type           Power        Failure   Level  Hunger
 Swiftness                Chrm/Air       #.......     54%         2    ###....
 Recall                   Summ/Tloc      N/A          78%         3    ####...
 Summon Ice Beast         Ice/Summ       #.......     99%         4    #####..
 Iskenderun's Battlesphe  Conj/Chrm      #.......     100%        5    ######.


Dungeon Overview and Level Annotations

Branches:
Dungeon (6/15)             Temple (1/1) D:4

Altars:
Ashenzari
Cheibriados
Dithmenos
Elyvilon
Fedhas
Hepliaklqana
Kikubaaqudgha
Nemelex Xobeh
Okawaru
Qazlal
Ru
Sif Muna
Uskayaw
Vehumet
Wu Jian
Xom
Zin
The Shining One


Innate Abilities, Weirdness & Mutations

You can breathe blasts of fire.
Your fiery red scales are hard. (AC +6)
You cannot fit into any form of body armour.
Your flesh is heat resistant. (rF+)
You are cold-blooded and may be slowed by cold attacks.


Message History

The hornet misses you.
You hit the hornet.
The hornet is moderately wounded.
You feel sick. The hornet stings you!
You are more poisoned.
You shrug off the repeated paralysis!
The hornet stings you.
You feel as though you will be slow longer.
Unknown command.
It was a potion of might.
You feel very mighty all of a sudden.
You feel sick. The hornet closely misses you. The hornet stings you.
* * * LOW HITPOINT WARNING * * *
You are lethally poisoned!
You suddenly lose the ability to move!
* * * LOW HITPOINT WARNING * * *
You feel sick.
The hornet stings you but does no damage. x2
* * * LOW HITPOINT WARNING * * *
You feel sick. The hornet stings you!
You die...

.....#..........#
...#.####.....#....
.................##
##..#......#.##..
.##............? #
........##.......
.###.##....##..<#.
#...)##.......
####@# .....#.
#.....y..###.
....######..... ..
##..


You could see a hornet.

Vanquished Creatures
  A sky beast (D:5)
  An ogre (D:4)
  2 centaurs (D:5)
  A crimson imp (D:5)
  A hound (D:5)
  A bullfrog skeleton (D:5)
  An iguana (D:5)
  An orc wizard (D:5)
  4 worker ants
  A howler monkey zombie (D:5)
  11 adders
  A shadow imp (D:5)
  An ooze (D:1)
  An adder skeleton (D:5)
  2 worms
  4 dart slugs
  5 leopard geckos
  13 orcs
  4 giant cockroaches
  3 goblins (D:1)
  7 hobgoblins
  10 jackals
  2 quokkas (D:4)
  3 ball pythons
  5 bats
  8 frilled lizards
  7 kobolds
  4 rats
105 creatures vanquished.

Notes
Turn   | Place    | Note
-------+----------+-------------------------------------------
     0 | D:1      | 2bobheroes the Draconian Gladiator began the quest for the
                  | Orb.
     0 | D:1      | Reached XP level 1. HP: 17/17 MP: 1/1
    34 | D:1      | Reached XP level 2. HP: 19/25 MP: 2/2
   495 | D:1      | Reached skill level 1 in Stealth
   651 | D:1      | Reached XP level 3. HP: 30/30 MP: 3/3
  1402 | D:2      | Reached XP level 4. HP: 34/37 MP: 4/4
  1568 | D:2      | Reached skill level 4 in Staves
  2304 | D:3      | Found a faded altar of an unknown god.
  2325 | D:3      | Found a blossoming altar of Fedhas.
  2336 | D:3      | Reached XP level 5. HP: 42/45 MP: 5/5
  2850 | D:4      | Found a radiant altar of Vehumet.
  2890 | D:4      | Found a staircase to the Ecumenical Temple.
  2917 | Temple   | Entered the Ecumenical Temple
  3006 | Temple   | Became a worshipper of Warmaster Okawaru
  3156 | D:4      | Noticed an ogre
  3197 | D:4      | Killed an ogre
  3694 | D:4      | Reached XP level 6. HP: 44/51 MP: 6/6
  4059 | D:5      | Entered Level 5 of the Dungeon
  4083 | D:5      | Reached skill level 5 in Staves
  4176 | D:5      | Found a shimmering altar of Xom.
  4188 | D:5      | Identified the Compendium of Lucky Calling
  4192 | D:5      | Learned a level 1 spell: Summon Butterflies
  4310 | D:5      | Reached * piety under Okawaru
  4520 | D:5      | Your scales start taking on a fiery red colour.
  4520 | D:5      | Reached XP level 7. HP: 39/59 MP: 7/7
  4520 | D:5      | Gained mutation: Your flesh is heat resistant. (rF+) [Red
                  | Draconian growth]
  4814 | D:5      | Reached skill level 6 in Staves
  5381 | D:6      | Noticed a hornet
  5385 | D:6      | Paralysed by a hornet for 2 turns
  5389 | D:6      | Paralysed by a hornet for 3 turns
  5391 | D:6      | Slain by a hornet

Levels and vault maps discovered:
D:1:      ncdulo_wetmaze, layout_basic, minmay_unequal
D:2:      layout_loops_ring
D:3:      layout_loops_ring, chequers_ecumenical_altar_simple_redux,
          minmay_tree_intersection, fedhas_altar_1
D:4:      layout_gridville, overflow_temple_1_default,
          minmay_temple_entry_arrows
D:5:      layout_loops_cross, first_ration, hangedman_glass_teeth,
          xom_teletrap_fun
D:6:      layout_rooms, marbit_many_paths, feat_on_display, uniq_duvessa
Temple:   minmay_crystal_spiral_temple

Skill      XL: |  1  2  3  4  5  6  7 |
---------------+----------------------+-----
Stealth        | 1 2 3 |  3.5
Dodging        | 3 4 |  4.3
Staves         | 4 5 6 |  6.1
Fighting       | 3 4 |  4.6
Throwing       | |  1.7

Action                   |  1- 3 |  4- 6 |  7- 9 || total
-------------------------+-------+-------+-------++-------
Melee: Quarterstaff      |    77 |   184 |    71 ||   332
       Tailslap          |     8 |    23 |     7 ||    38
Throw: Dart              |       |     5 |       ||     5
       Throwing net      |       |     1 |       ||     1
 Abil: Breathe Fire      |       |       |     1 ||     1
  Use: Potion            |       |       |     1 ||     1
 Stab: Sleeping          |     4 |     7 |     2 ||    13
  Eat: Chunk             |     2 |     9 |     3 ||    14
Armor: Skin              |    24 |    44 |    20 ||    88
Dodge: Dodged            |    49 |   138 |    44 ||   231
